 Dungeon Crawl Stone Soup version 0.29.1-1-gd02db6906a (webtiles) character file.

Game seed: 14267519308756273569

7 croobank the Caller (level 1, -1/7 HPs)
             Began as a Felid Summoner on Sept 27, 2022.
             Slain by a giant cockroach (2 damage)
             ... on level 1 of the Dungeon.
             The game lasted 00:01:57 (247 turns).

croobank the Caller (Felid Summoner)                 Turns: 247, Time: 00:01:58

Health: -1/7       AC:  1    Str:  4    XL:     1   Next: 91%
Magic:  4/4        EV: 17    Int: 16    God:
Gold:   0          SH:  0    Dex: 16    Spells: 3/4 levels left
                                        Lives:  0   Deaths: 0

rFire   . . .      SeeInvis +   (weapon unavailable)
rCold   . . .      Faith    .   (shield unavailable)
rNeg    . . .      Spirit   .   (body armour unavailable)
rPois   .          Reflect  .   (helmet unavailable)
rElec   .          Harm     .   (cloak unavailable)
rCorr   .          Rampage  .   (gloves unavailable)
Will    .....                   (boots unavailable)
Stlth   ++........              (no amulet)
HPRegen 0.02/turn               (no ring)
MPRegen 0.09/turn               (no ring)

@: quick
A: very small, claws 1, fangs 3, see invisible, speed 1, shaggy fur 1, stealthy
paws, no weapons or thrown items, no armour, multi-lived
a: no special abilities


You were on level 1 of the Dungeon.
You visited 1 branch of the dungeon, and saw 1 of its levels.

Inventory:

Scrolls
 b - a scroll of identify {unknown}


   Skills:
 + Level 3.0 Dodging
 + Level 3.0 Stealth
 + Level 2.1 Spellcasting
 + Level 4.1 Summonings


You had 3 spell levels left.
You knew the following spells:

 Your Spells              Type           Power      Damage    Failure   Level
a - Summon Small Mammal   Summ           56%        N/A       3%          1

Your spell library contained the following spells:

 Spells                   Type           Power      Damage    Failure   Level
 Call Imp                 Summ           14%        N/A       6%          2
 Call Canine Familiar     Summ           14%        N/A       12%         3
 Summon Guardian Golem    Hex/Summ       8%         N/A       26%         3
 Summon Lightning Spire   Summ/Air       8%         N/A       65%         4


Dungeon Overview and Level Annotations

Branches:
Dungeon (1/15)

Altars:


Innate Abilities, Weirdness & Mutations

You have sharp claws.
You have razor-sharp teeth.
You have supernaturally acute eyesight. (SInv)
You cover ground quickly. (Speed+)
You are covered in fur. (AC +1)
Your paws help you pounce on unaware monsters.
You are incapable of wielding weapons or throwing items.
You cannot wear armour.
You gain extra lives every three experience levels.


Message History

Your bat hits the jackal but does no damage.
The jackal misses you.
Your quokka barely misses the jackal.
The jackal attacks as you move away! The jackal closely misses you.
Your quokka barely misses the jackal.
Your bat closely misses the jackal.
Your quokka bites the jackal.
The jackal closely misses your quokka. The jackal closely misses you.
Your quokka closely misses the jackal.
The jackal attacks as you move away! The jackal barely misses you.
Your bat barely misses the jackal.
Your bat misses the jackal. The jackal misses your quokka.
Your quokka closely misses the jackal.
Your bat barely misses the jackal.
Casting: Summon Small Mammal (safe; 3% risk of failure)
Confirm with . or Enter, or press ? or * to list all spells.
Your bat disappears in a puff of smoke!
The jackal closely misses you. The jackal completely misses you.
Your rat bites the jackal.
The jackal bites you.
Your rat barely misses the jackal.
The jackal closely misses you. The jackal bites you.
You hear an angry hiss.
Your rat misses the jackal. The jackal closely misses your rat.
The jackal bites you.
* * * LOW HITPOINT WARNING * * *
The jackal barely misses your rat.
Your rat bites the jackal.
You miss the jackal. You bite the jackal.
The jackal is almost dead.
The jackal closely misses you. The jackal barely misses your rat.
The giant cockroach bites your rat.
Your rat barely misses the jackal.
Casting: Summon Small Mammal (safe; 3% risk of failure)
Confirm with . or Enter, or press ? or * to list all spells.
The jackal closely misses you. The jackal closely misses your rat.
The giant cockroach misses your rat. The jackal misses you.
The jackal completely misses your rat.
Your rat barely misses the jackal.
You scratch the jackal.
You kill the jackal!
The giant cockroach bites your rat.
Your rat dies!
Your rat's corpse disappears in a puff of smoke!
Your Dodging skill increases to level 3!
Magic courses through your body. The giant cockroach bites you.
You die...

##......#.g...........#
.........#..............
..........#.......#......
...........####....#......
#...........####....#######
.............r.g.........
..............hh.........
...........†.SB.#####.....
.........)...@.#...#.....
.........#######.8.#.....
.♣.♣.♣.♣..#.........# ....
.........##.....^..##
.........'.........#...
.........'.....<...#...⌠.
.........'.........#....⌠
.........##........##....
.♣.♣.♣.♣..#.........#....


You could see 2 jackals, a giant cockroach, a hobgoblin, a ball python and a
friendly rat (summoned).

Vanquished Creatures
  A jackal (D:1)
1 creature vanquished.

Vanquished Creatures (collateral kills)
  A dart slug (D:1)
  An endoplasm (D:1)
  A hobgoblin (D:1)
  A kobold (D:1)
4 creatures vanquished.

Grand Total: 5 creatures vanquished

Notes
Turn   | Place    | Note
-------+----------+-------------------------------------------
     0 | D:1      | croobank the Felid Summoner began the quest for the Orb.
     0 | D:1      | Reached XP level 1. HP: 7/7 MP: 4/4
   247 | D:1      | Slain by a giant cockroach

Illustrated notes

Levels and vault maps discovered:
D:1:      wander_arrival_estate, layout_basic, ebering_ecumenical_altar_webs

Skill      XL: |  1 |
---------------+----+-----
Stealth        | 3 |  3.0
Dodging        | 3 |  3.0
Spellcasting   | |  2.1
Summonings     | |  4.1

Action                   || total
-------------------------++-------
Melee: Unarmed           ||    10
       Bite              ||     1
 Cast: Summon Small Mamm ||    13
  Use: Potion            ||     1
Armor: Skin              ||     1
Dodge: Dodged            ||    19
